 Dungeon Crawl Stone Soup version 0.24-a0-769-g368c1644f8 (webtiles) character file.

Game seed: 7647633833470226437, levelgen mode: deterministic

195764 Johnny the Metallomancer (level 17, -1/136 HPs)
             Began as a Demigod Earth Elementalist on Oct 4, 2019.
             Slain by the 27-headed Lernaean hydra (9 damage)
             ... on level 4 of the Swamp.
             The game lasted 01:31:59 (44464 turns).

Johnny the Metallomancer (DgEE)                    Turns: 44464, Time: 01:32:00

Health: -1/136     AC:  9    Str: 11    XL:     17   Next: 51%
Magic:  24/38      EV: 20    Int: 29    God:
Gold:   513        SH:  0    Dex: 16    Spells: 11/39 levels left

rFire    + . .     SeeInvis .   H - staff of wizardry
rCold    + . .     Gourm    .   (no shield)
rNeg     . . .     Faith    .   r - +2 robe {Archmagi}
rPois    .         Spirit   .   A - +1 helmet
rElec    +         Reflect  .   Q - scarf {rC+ rF+}
rCorr    .         Harm     .   (no gloves)
MR       ++...                  E - +2 pair of boots {Fly}
Stlth    +++.......             c - amulet of regeneration
HPRegen  0.72/turn              h - ring of wizardry
MPRegen  0.26/turn              g - ring of protection from magic

@: lethally poisoned (-1 -> -2), marked
A: camouflage 1, high mp 1, robust 1, electricity resistance
a: Evoke Flight


You were on level 4 of the Swamp.
You were not hungry.

You visited 5 branches of the dungeon, and saw 30 of its levels.
You also visited: Sewer.

You collected 2803 gold pieces.
You spent 2290 gold pieces at shops.

Inventory:

Missiles
 l - 187 stones (quivered)
Armour
 r - a +2 robe of the Archmagi (worn)
 A - a +1 helmet (worn)
 E - a +2 pair of boots of flying (worn)
 Q - a scarf of resistance (worn)
Magical Staves
 H - an uncursed staff of wizardry (weapon)
Jewellery
 c - an amulet of regeneration (around neck)
 g - a ring of protection from magic (right hand)
 h - a ring of wizardry (left hand)
 q - an uncursed ring of protection from fire
Wands
 m - a wand of paralysis (8)
 n - a wand of polymorph (32)
 o - a wand of enslavement (6)
 y - a wand of iceblast (32)
 G - a wand of flame (18)
 I - a wand of disintegration (19)
 T - a wand of digging (3)
Scrolls
 a - a scroll of fear
 e - 13 scrolls of magic mapping
 f - 3 scrolls of immolation
 i - 14 scrolls of teleportation
 p - 17 scrolls of remove curse
 u - a scroll of torment
 v - 4 scrolls of fog
 L - 2 scrolls of holy word
 M - 3 scrolls of enchant armour
 P - a scroll of vulnerability
 R - 3 scrolls of summoning
 U - a scroll of amnesia
 W - 4 scrolls of noise
 X - 2 scrolls of blinking
 Z - 3 scrolls of identify
Potions
 j - 5 potions of agility
 k - 3 potions of might
 s - 6 potions of haste
 w - a potion of invisibility
 x - 10 potions of curing
 z - 4 potions of berserk rage
 B - 6 potions of mutation
 C - 3 potions of lignification
 D - 7 potions of heal wounds
 F - 3 potions of cancellation
 J - a potion of ambrosia
 K - 5 potions of flight
 O - a potion of brilliance
 V - a potion of resistance
Miscellaneous
 N - a phial of floods (inert)
 S - a lightning rod (2/4)
Comestibles
 d - 24 rations
 t - 3 chunks of flesh


   Skills:
 - Level 4.7 Fighting
 - Level 11.1 Dodging
 - Level 1.7 Stealth
 - Level 11.7 Spellcasting
 - Level 3.5 Necromancy
 - Level 0.8 Transmutations
 * Level 22.9 Earth Magic


You had 11 spell levels left.
You knew the following spells:

 Your Spells              Type           Power        Failure   Level  Hunger
a - Sandblast             Erth           ######       0%          1    None
b - Stone Arrow           Conj/Erth      ######       1%          3    None
c - Lee's Rapid Deconstr  Erth           ########..   0%          5    ##.....
d - Petrify               Tmut/Erth      #######.     1%          4    None
e - Blink                 Tloc           N/A          1%          2    None
f - Shatter               Erth           ########..   7%          9    #######
h - Swiftness             Chrm/Air       ####....     1%          2    None
v - Sublimation of Blood  Necr           ######....   1%          2    None

Your spell library contained the following spells:

 Spells                   Type           Power        Failure   Level  Hunger
 Animate Skeleton         Necr           N/A          1%          1    None
 Apportation              Tloc           ####..       1%          1    None
 Beastly Appendage        Tmut           ####..       1%          1    None
 Confusing Touch          Hex            ####..       1%          1    None
 Freeze                   Ice            ####         1%          1    None
 Magic Dart               Conj           ####         1%          1    None
 Shock                    Conj/Air       ####         1%          1    None
 Summon Butterflies       Summ           ####....     1%          1    None
 Summon Small Mammal      Summ           ####         1%          1    None
 Call Imp                 Summ           ####....     1%          2    None
 Corpse Rot               Necr           N/A          1%          2    None
 Passwall                 Tmut/Erth      #######.     1%          2    None
 Searing Ray              Conj           ####..       1%          2    None
 Shroud of Golubria       Chrm/Tloc      ####..       1%          2    None
 Slow                     Hex            ####....     1%          2    None
 Sticks to Snakes         Tmut           ####....     1%          2    None
 Throw Frost              Conj/Ice       ####..       1%          2    None
 Leda's Liquefaction      Hex/Erth       #######...   1%          4    None
 Bolt of Magma            Conj/Fire/Erth #######...   1%          5    ##.....
 Iron Shot                Conj/Erth      #######...   1%          6    #####..
 Statue Form              Tmut/Erth      #######..    1%          6    #####..
 Conjure Flame            Conj/Fire      ####....     2%          3    None
 Dazzling Spray           Conj/Hex       ####..       2%          3    None
 Gell's Gravitas          Tloc           ####......   2%          3    None
 Lesser Beckoning         Tloc           ####......   2%          3    None
 Mephitic Cloud           Conj/Pois/Air  ####....     2%          3    None
 Ozocubu's Armour         Chrm/Ice       ####....     2%          3    None
 Spider Form              Tmut/Pois      ####......   2%          3    None
 Static Discharge         Conj/Air       ####....     2%          3    None
 Teleport Other           Tloc           ####....     2%          3    None
 Tukima's Dance           Hex            ####....     2%          3    None
 Agony                    Necr           ######..     5%          5    ##.....
 Dispel Undead            Necr           ######..     5%          5    ##.....
 Ice Form                 Ice/Tmut       ####....     7%          4    None
 Airstrike                Air            ####......   9%          4    None
 Cause Fear               Hex            ####......   9%          4    None
 Force Lance              Conj/Tloc      ####....     9%          4    None
 Fulminant Prism          Conj/Hex       ####......   9%          4    None
 Iskenderun's Mystic Bla  Conj           ####....     9%          4    None
 Passage of Golubria      Tloc           N/A          9%          4    None
 Summon Ice Beast         Ice/Summ       ####....     9%          4    None
 Throw Icicle             Conj/Ice       ####....     9%          4    None
 Bolt of Draining         Conj/Necr      #####.....   11%         5    ##.....
 Excruciating Wounds      Chrm/Necr      #####.....   11%         5    ##.....
 Blade Hands              Tmut           ####......   16%         5    ##.....
 Alistair's Intoxication  Tmut/Pois      ####....     19%         5    ##.....
 Yara's Violent Unravell  Hex/Tmut       ####......   19%         5    ##.....
 Lightning Bolt           Conj/Air       ####......   22%         5    ##.....
 Silence                  Hex/Air        ####......   22%         5    ##.....
 Simulacrum               Ice/Necr       #####.....   50%         6    #####..
 Deflect Missiles         Chrm/Air       ####......   71%         6    #####..
 Invisibility             Hex            ####....     71%         6    #####..
 Discord                  Hex            ####......   100%        8    #######


Dungeon Overview and Level Annotations

Branches:
Dungeon (15/15)            Temple (0/1) D:7            Lair (6/6) D:9
  Swamp (4/4) Lair:2        Snake (3/4) Lair:4        Slime (0/5) Lair:6
    Orc (2/2) D:12            Elf (0/3) Orc:2        Vaults (0/5) D:13
 Depths (0/5) D:15          Sewer (visited)

Shops:
D:9 *   D:15 :   Orc:1 (::   Orc:2 [}!%   Snake:2 =!

Portals:
Pandemonium: Orc:2

Annotations:
D:10 3 runed translucent doors
Orc:2 2 transporters, larifari's ghost, journeyman GnWn


Innate Abilities, Weirdness & Mutations

You have an increased reservoir of magic. (+10% MP)
Your skin changes colour to match your surroundings (Stealth+).
You are robust. (+10% HP)
You are resistant to electric shocks. (rElec)


Message History

The 27-headed Lernaean hydra completely misses you.
The 27-headed Lernaean hydra bites you but does no damage.
The 27-headed Lernaean hydra bites you!
* * * LOW HITPOINT WARNING * * *
The 27-headed Lernaean hydra bites you but does no damage.
The 27-headed Lernaean hydra closely misses you.
The 27-headed Lernaean hydra bites you.
* * * LOW HITPOINT WARNING * * *
The 27-headed Lernaean hydra completely misses you.
The 27-headed Lernaean hydra bites you.
* * * LOW HITPOINT WARNING * * *
The 27-headed Lernaean hydra bites you!
* * * LOW HITPOINT WARNING * * *
The 27-headed Lernaean hydra bites you!
* * * LOW HITPOINT WARNING * * *
The 27-headed Lernaean hydra bites you.
* * * LOW HITPOINT WARNING * * *
The 27-headed Lernaean hydra barely misses you.
The 27-headed Lernaean hydra bites you!
You die...

≈§.≈..○○≈.○....
#...†≈...⌠#
≈..≈...n.≈..#†≈#
.≈.≈..§...#≈..⌠#
.≈.....≈.......n
≈...≈#.(.≈.≈y..#
...≈≈..≈....(..D
≈...≈≈###D#....#
.≈≈.#≈.D@.≈†≈k.#
#.....#D...#
#..φ..#
..D..≈.#)D).
#!....#
......≈....
##?..##
#...#≈≈≈k.!
#####
..[.≈≈≈≈#D#
≈≈..D≈≈≈°°○
≈≈≈≈☼§°≈°○≈
≈≈.≈≈○.°○≈☼


You could see the 27-headed Lernaean hydra, a seven-headed hydra, 3 swamp
dragons, a bog body, a swamp drake and a vampire mosquito.

Vanquished Creatures
  Agnes (Snake:1)
  Gastronok (Lair:3)
  A thorn hunter (Swamp:3)
  A nagaraja (Snake:3)
  An orc warlord (Orc:2)
  The ghost of Violet the Unseen, an adept SpAs of Wu Jian (Swamp:3)
  2 entropy weavers (Lair:5)
  6 dire elephants (Lair:6)
  Snorg (D:13)
  A fire dragon (D:14)
  Josephine (Lair:4)
  2 ettins
  Fannar (D:11)
  3 ogre magi
  A rakshasa (D:12)
  14 hydras
  6 centaur warriors
  12 anacondas
  13 naga warriors
  A shambling mangrove (Swamp:1)
  Erica (Lair:2)
  A ghost crab (Swamp:2)
  3 death knights (D:15)
  15 alligators
  2 dancing weapons (D:13)
  5 two-headed ogres
  A queen ant (Lair:5)
  A tengu warrior (D:15)
  The ghost of Gynju the Thaumaturge, a journeyman DEFE of Vehumet (D:9)
  5 naga sharpshooters
  2 orc high priests (Orc:2)
  10 shock serpents
  Nergalle (Lair:4)
  4 skeletal warriors (D:15)
  2 spriggan druids
  2 infernal demonspawn (Orc:2)
  3 swamp dragons
  4 unseen horrors
  A deep troll (D:15)
  5 naga ritualists
  A harpy (shapeshifter) (D:14)
  A lindwurm (Lair:6)
  A deep elf mage (D:14)
  A wizard (D:14)
  2 phantasmal warriors (D:15)
  7 orc knights
  7 mana vipers
  7 salamanders
  5 manticores
  13 orc sorcerers
  3 oklob plants (Lair:3)
  2 cyclopes (Orc:2)
  18 ugly things
  23 elephants
  28 black mambas
  4 guardian serpents
  Maurice (D:10)
  A rust devil (Orc:2)
  15 naga magi
  A smoke demon (Orc:2)
  A black mamba (shapeshifter) (D:14)
  A molten gargoyle (Lair:6)
  An ice statue (D:10)
  16 spiny frogs
  A yaktaur (D:15)
  4 freezing wraiths (D:15)
  4 centaur skeletons
  A rime drake (Lair:5)
  5 kobold demonologists
  7 komodo dragons
  2 ice devils (Orc:2)
  A jumping spider (shapeshifter) (D:14)
  A tengu conjurer (D:15)
  4 meliai
  2 red devils (Orc:2)
  2 polar bears
  2 queen bees
  9 trolls
  7 tyrant leeches
  12 bog bodies
  4 dream sheep (Lair:6)
  8 hornets
  A raiju (shapeshifter) (D:15)
  8 slime creatures
  19 blink frogs
  9 hippogriffs
  A tarantella (shapeshifter) (D:14)
  3 spriggans
  4 shadows
  6 wraiths
  Sigmund (D:3)
  6 fire bats (Lair:6)
  21 yaks
  4 basilisks
  2 steam dragons
  5 wyverns
  4 hungry ghosts
  8 vampire mosquitoes
  12 swamp worms
  4 wargs
  3 insubstantial wisps
  39 nagas
  An acid dragon (D:9)
  11 water moccasins
  7 soldier ants
  4 porcupines
  43 orc warriors
  10 swamp drakes
  4 ice beasts
  2 sky beasts
  A black bear (D:12)
  3 phantoms
  13 ogres
  4 wolves (Lair:6)
  20 crocodiles
  2 centaurs
  14 big kobolds
  23 bullfrogs
  4 scorpions
  39 killer bees
  8 wights
  3 howler monkeys
  4 electric eels
  A lava snake (Lair:6)
  A bullfrog zombie (D:7)
  7 crimson imps
  4 quasits
  5 centaur zombies
  6 jellies
  36 orc priests
  7 hounds
  27 orc wizards
  2 bullfrog skeletons
  Ijyb (D:3)
  2 iguanas
  2 hell rats (Lair:3)
  35 worker ants
  A hound skeleton (D:10)
  3 worker ant zombies
  21 adders
  13 gnolls
  7 river rats (Lair:3)
  4 shadow imps
  4 oozes
  5 adder skeletons
  A worm (D:7)
  8 dart slugs
  5 leopard geckos
  108 orcs
  10 bats
  12 giant cockroaches
  22 goblins
  20 hobgoblins
  6 quokkas
  4 ball pythons
  10 frilled lizards
  26 kobolds
  A quokka skeleton (D:5)
  A quokka zombie (D:9)
  13 rats
  7 fungi
  4 plants
  A toadstool (D:1)
1208 creatures vanquished.

Vanquished Creatures (collateral kills)
  A swamp dragon (Swamp:3)
  A swamp drake (Swamp:3)
2 creatures vanquished.

Vanquished Creatures (others)
  A fire bat (Lair:6)
  A bush (Swamp:4)
  22 fungi
  7 plants
  3 toadstools (D:1)
34 creatures vanquished.

Grand Total: 1244 creatures vanquished

Notes
Turn   | Place    | Note
-------+----------+-------------------------------------------
     0 | D:1      | Johnny the Demigod Earth Elementalist began the quest for
                  | the Orb.
     0 | D:1      | Reached XP level 1. HP: 14/14 MP: 5/5
   126 | D:1      | Reached skill level 3 in Earth Magic
   134 | D:1      | Reached XP level 2. HP: 12/22 MP: 0/7
   527 | D:1      | Reached skill level 1 in Fighting
   917 | D:1      | Reached XP level 3. HP: 28/28 MP: 6/8
  1058 | D:2      | Found an ancient bone altar of Kikubaaqudgha.
  1348 | D:2      | Learned a level 3 spell: Stone Arrow
  1795 | D:3      | Reached XP level 4. HP: 35/35 MP: 1/10
  1826 | D:3      | Gained mutation: You are robust. (+10% HP) [potion of
                  | mutation]
  1826 | D:3      | Gained mutation: You are resistant to electric shocks.
                  | (rElec) [potion of mutation]
  1826 | D:3      | Gained mutation: Your skin changes colour to match your
                  | surroundings (Stealth+). [potion of mutation]
  1855 | D:3      | Noticed Sigmund
  1870 | D:4      | Noticed an ogre
  1886 | D:4      | Found a glowing drain.
  1922 | Sewer    | Entered a sewer
  2246 | Sewer    | Reached skill level 4 in Earth Magic
  2793 | D:4      | Killed an ogre
  2793 | D:4      | Reached XP level 5. HP: 45/45 MP: 1/12
  2805 | D:4      | Noticed an ogre
  2833 | D:4      | Killed an ogre
  3331 | D:4      | Reached XP level 6. HP: 27/55 MP: 11/13
  3527 | D:4      | Learned a level 5 spell: Lee's Rapid Deconstruction
  3623 | D:4      | Reached skill level 5 in Earth Magic
  3985 | D:4      | Found a hazy altar of Hepliaklqana.
  4178 | D:4      | Found a hide-covered altar of Uskayaw.
  4286 | D:3      | Killed Sigmund
  4458 | D:3      | Noticed Ijyb
  4486 | D:3      | Killed Ijyb
  4664 | D:3      | Reached XP level 7. HP: 62/62 MP: 11/15
  4918 | D:3      | Reached skill level 6 in Earth Magic
  5638 | D:5      | Entered Level 5 of the Dungeon
  5749 | D:5      | Found a glowing golden altar of the Shining One.
  5759 | D:5      | Found a white marble altar of Elyvilon.
  5836 | D:5      | Reached skill level 7 in Earth Magic
  5836 | D:5      | Reached XP level 8. HP: 70/73 MP: 2/18
  6696 | D:5      | Found a burning altar of Makhleb.
  7202 | D:6      | Reached skill level 5 in Spellcasting
  7250 | D:6      | Found a blossoming altar of Fedhas.
  7321 | D:6      | Reached skill level 8 in Earth Magic
  7687 | D:6      | Learned a level 4 spell: Petrify
  7969 | D:7      | Found an opulent altar of Gozag.
  8086 | D:7      | Reached XP level 9. HP: 72/79 MP: 20/20
  8173 | D:7      | Found a radiant altar of Vehumet.
  8215 | D:7      | Found a staircase to the Ecumenical Temple.
  8291 | D:7      | Found an iron altar of Okawaru.
  8547 | D:7      | Reached skill level 9 in Earth Magic
  9071 | D:7      | Found a sacrificial altar of Ru.
  9185 | D:7      | Found a snail-covered altar of Cheibriados.
  9513 | D:8      | Found a shattered altar of Ashenzari.
  9851 | D:8      | Found an ornate altar of the Wu Jian Council.
  9938 | D:8      | Reached skill level 5 in Dodging
 10338 | D:9      | Reached skill level 10 in Earth Magic
 10528 | D:9      | Reached XP level 10. HP: 82/88 MP: 19/23
 10559 | D:9      | Found Betuad's Assorted Antiques.
 10569 | D:9      | Bought a scroll of identify for 66 gold pieces
 10569 | D:9      | Bought a scroll of teleportation for 99 gold pieces
 11330 | D:9      | Reached skill level 11 in Earth Magic
 11509 | D:9      | Found a staircase to the Lair.
 11670 | D:9      | Found a runed translucent gate.
 11670 | D:9      | Noticed Gynju's ghost (journeyman DEFE)
 11671 | D:9      | Found a runed translucent gate.
 11671 | D:9      | Found a runed translucent gate.
 11695 | D:9      | Killed Gynju's ghost
 11908 | Lair:1   | Entered Level 1 of the Lair of Beasts
 11922 | Lair:1   | Reached XP level 11. HP: 93/93 MP: 13/26
 12205 | Lair:1   | Identified a scroll of acquirement
 12380 | Lair:1   | Reached skill level 12 in Earth Magic
 13192 | Lair:2   | Noticed Erica
 13222 | Lair:2   | Killed Erica
 13581 | Lair:2   | Noticed a five-headed hydra
 13584 | Lair:2   | Killed a five-headed hydra
 14021 | Lair:2   | Found a staircase to the Swamp.
 14159 | Lair:3   | Noticed Gastronok
 14188 | Lair:3   | Killed Gastronok
 14188 | Lair:3   | Reached skill level 13 in Earth Magic
 14188 | Lair:3   | Reached XP level 12. HP: 63/101 MP: 0/29
 15274 | Lair:4   | Noticed Nergalle
 15278 | Lair:4   | Killed Nergalle
 15346 | Lair:4   | Found a staircase to the Snake Pit.
 15395 | Lair:4   | Noticed Josephine
 15398 | Lair:4   | Killed Josephine
 15757 | Lair:4   | Reached skill level 14 in Earth Magic
 17328 | Lair:5   | Noticed an entropy weaver
 17339 | Lair:5   | Killed an entropy weaver
 17339 | Lair:5   | Reached XP level 13. HP: 50/108 MP: 0/31
 17641 | Lair:5   | Noticed an entropy weaver
 17649 | Lair:5   | Killed an entropy weaver
 17649 | Lair:5   | Reached skill level 10 in Spellcasting
 18305 | Lair:6   | Entered Level 6 of the Lair of Beasts
 18342 | Lair:6   | Reached skill level 10 in Dodging
 18371 | Lair:6   | Reached skill level 15 in Earth Magic
 19445 | Lair:6   | Found a viscous altar of Jiyva.
 19445 | Lair:6   | Found a white marble altar of Elyvilon.
 19446 | Lair:6   | Found a staircase to the Slime Pits.
 20042 | Lair:6   | Noticed a dire elephant
 20089 | Lair:6   | Killed a dire elephant
 20176 | Lair:6   | Noticed a dire elephant
 20176 | Lair:6   | Noticed a dire elephant
 20188 | Lair:6   | Killed a dire elephant
 20225 | Lair:6   | Noticed a dire elephant
 20442 | Lair:6   | Noticed a dire elephant
 20469 | Lair:6   | Killed a dire elephant
 20636 | Lair:6   | Killed a dire elephant
 20966 | Lair:6   | Killed a dire elephant
 21392 | Lair:6   | Noticed a dire elephant
 21397 | Lair:6   | Killed a dire elephant
 21626 | D:10     | Entered Level 10 of the Dungeon
 21914 | D:10     | Reached XP level 14. HP: 95/115 MP: 11/33
 21987 | D:10     | Found a runed translucent door.
 21997 | D:10     | Found a runed translucent door.
 22018 | D:10     | Found a runed translucent door.
 22092 | D:10     | Found a runed translucent door.
 22361 | D:10     | Reached skill level 16 in Earth Magic
 22404 | D:10     | Noticed Maurice
 22411 | D:10     | Killed Maurice
 23214 | D:11     | Noticed Fannar
 23259 | D:11     | Killed Fannar
 24202 | D:12     | You fall into a shaft and drop 3 floors!
 24202 | D:15     | Entered Level 15 of the Dungeon
 24223 | D:15     | Found Veguulif's Book Shop.
 25396 | D:15     | Found a staircase to the Depths.
 25818 | D:15     | Reached skill level 17 in Earth Magic
 27577 | D:13     | Found a gate to the Vaults.
 27901 | D:13     | Noticed Snorg
 27908 | D:13     | Killed Snorg
 28494 | D:12     | Reached XP level 15. HP: 113/122 MP: 21/35
 28523 | D:12     | You fall into a shaft and drop 2 floors!
 28699 | D:14     | Found a hazy altar of Hepliaklqana.
 28730 | D:14     | Identified the +7 hand crossbow of Reinforcement {flame,
                  | rN+}
 28735 | D:14     | Reached skill level 18 in Earth Magic
 29210 | D:14     | Got a silken robe
 29326 | D:14     | Identified the +5 mace of Wrongful Imprisonment {drain,
                  | +Blink rF+}
 29644 | D:14     | Identified the +2 robe "Rehuliol" {rF++ rC- rN+++ Str-3}
                  | (You found it on level 14 of the Dungeon)
 29977 | D:15     | Bought a book of the Earth for 715 gold pieces
 29977 | D:15     | Bought a book of Minor Magic for 220 gold pieces
 29980 | D:15     | Learned a level 2 spell: Blink
 29990 | D:15     | Learned a level 9 spell: Shatter
 30629 | D:12     | Identified Vuteokhli's Disquisition on Ashen Snow
 30722 | D:12     | Found a staircase to the Orcish Mines.
 31203 | Orc:1    | Entered Level 1 of the Orcish Mines
 31575 | Orc:1    | Reached skill level 19 in Earth Magic
 32175 | Orc:1    | Found Qiuffy Deamm's Book Emporium.
 32175 | Orc:1    | Found Netysk's Weapon Shoppe.
 32448 | Orc:1    | Found Kuhicuma's Book Boutique.
 32568 | Orc:2    | Entered Level 2 of the Orcish Mines
 33140 | Orc:2    | Found Tinym's Food Shoppe.
 33141 | Orc:2    | Found Sazonk's Distillery.
 33377 | Orc:2    | Found a one-way gate leading to the halls of Pandemonium.
 33448 | Orc:2    | Found Hofrirgh's Antique Armour Boutique.
 33449 | Orc:2    | Found Govvae's Gadget Shop.
 33740 | Orc:2    | Found a staircase to the Elven Halls.
 33887 | Orc:2    | Found a transporter.
 33900 | Orc:2    | Found a transporter.
 34171 | Orc:2    | Noticed larifari's ghost (journeyman GnWn)
 34618 | D:15     | Bought a book of Death for 770 gold pieces
 34622 | D:15     | Learned a level 2 spell: Sublimation of Blood
 34625 | D:15     | Learned a level 2 spell: Swiftness
 34946 | Snake:1  | Entered Level 1 of the Snake Pit
 34996 | Snake:1  | Reached skill level 1 in Necromancy
 35005 | Snake:1  | Noticed Agnes
 35029 | Snake:1  | Reached skill level 20 in Earth Magic
 35049 | Snake:1  | Reached XP level 16. HP: 92/129 MP: 12/36
 35289 | Snake:1  | Killed Agnes
 37458 | Snake:2  | Found a shattered altar of Ashenzari.
 37728 | Snake:2  | Reached skill level 21 in Earth Magic
 38232 | Snake:2  | Found Cavvuf's Jewellery Shoppe.
 38237 | Snake:2  | Found Bucallin's Distillery.
 38245 | Snake:2  | Bought a potion of curing for 63 gold pieces
 38245 | Snake:2  | Bought a potion of curing for 63 gold pieces
 38245 | Snake:2  | Bought 2 potions of heal wounds for 210 gold pieces
 38412 | Snake:2  | Bought a potion of brilliance for 84 gold pieces
 39419 | Snake:3  | Found a shimmering altar of Xom.
 39687 | Snake:3  | Got a slimy shortbow
 40606 | Swamp:1  | Entered Level 1 of the Swamp
 40898 | Lair:2   | Reached skill level 22 in Earth Magic
 41005 | Swamp:1  | Reached XP level 17. HP: 115/136 MP: 23/38
 41084 | Swamp:1  | Got a warped buckler
 41086 | Swamp:1  | Identified the +8 shortbow "Ymeihulo" {freeze, rF- rC+ rN+
                  | MR+ Str+5} (You found it on level 3 of the Snake Pit)
 41087 | Swamp:1  | Identified the +2 buckler of Boredom {Dex+6} (You found it
                  | on level 1 of the Swamp)
 43156 | Swamp:3  | Found a runed translucent gate.
 43156 | Swamp:3  | Found a runed translucent gate.
 43159 | Swamp:3  | Found a runed translucent gate.
 43164 | Swamp:3  | Noticed Violet's ghost (adept SpAs)
 43295 | Swamp:3  | Killed Violet's ghost
 44231 | Swamp:4  | Entered Level 4 of the Swamp
 44464 | Swamp:4  | Slain by the 27-headed Lernaean hydra

Levels and vault maps discovered:
D:1:      ldierk_water_garden, layout_basic
D:2:      layout_loops_cross, kiku_gazebo_garden_becter, first_ration
D:3:      minmay_goblin_kobold_castle, layout_rooms, uniq_ijyb, uniq_sigmund
D:4:      layout_cave_pools, lemuel_round_altar, overflow_temple_1_default,
          serial_glass, glass_columns_a, glass_columns_b, item_on_display_a,
          feat_on_display, feat_on_display, portal_sewer_entry_b
D:5:      kennysheep_slugbush, layout_basic, lemuel_coloured_pillars_altar,
          overflow_temple_1_default, basic_altar, minmay_fractal_squares_5
D:6:      layout_basic, fedhas_ov_isle_minmay
D:7:      layout_layer_cave, nicolae_ru_path_of_blood,
          okawaru_ov_weapons_minmay, nicolae_overflow_hidden_temple,
          slow_altar_1, vehumet_altar_wand_db, minmay_temple_entry_mini_moons
D:8:      layout_basic, kennysheep_little_box, cheibrodos_ashenzari_chains
D:9:      layout_loops_ring, erik_lair_dragon, serial_shops, shop_statue,
          gammafunk_ghost_nasty_kobolds, david_nohive_1,
          kennysheep_generic_room_11
D:10:     layout_stronghold, minmay_statue_crystal_thing, uniq_maurice
D:11:     layout_basic, uniq_fannar
D:12:     minmay_tri_box, layout_irregular_city, erik_orc_1
D:13:     layout_cave_pods, erik_vaults_1, uniq_snorg
D:14:     kennysheep_windowed_halls, layout_basic, lemuel_crystal_altar,
          serial_bayou_pond_d
D:15:     hangedman_depths_entry_civil_slaughter, layout_basic,
          kennysheep_pointless_box, serial_shops, shop, minivault_7
Lair:1:   layout_cave_pods
Lair:2:   layout_gridlike, skrybe_swamp_entry_bodies, minmay_shattered_shrine,
          infiniplex_staircase_pool_2, uniq_erica
Lair:3:   layout_cave_shapes, kennysheep_rathole, minmay_lair_oklob_chamber,
          uniq_gastronok
Lair:4:   layout_gridlike, guppyfry_snake_entry_garden,
          infiniplex_staircase_pool, uniq_josephine, uniq_nergalle
Lair:5:   layout_gridlike, minmay_another_anthill
Lair:6:   due_jungle_book, layout_gridlike, slime_altar_1, basic_altar,
          grunt_megastairs_5
Swamp:1:  layout_falls_marsh, evilmike_swamp_ruin_house_1
Swamp:2:  layout_basic_swamp, evilmike_swamp_ruin_rubble_2
Swamp:3:  layout_falls_marsh, ebering_ghost_rock_garden, hangedman_swamp_lotus
Swamp:4:  grunt_swamp_rune_castle, layout_basic_swamp
Snake:1:  layout_misc_corridors, grunt_megastairs_3, uniq_agnes
Snake:2:  layout_grid_shapes, basic_altar, grunt_ministairs_15, minmay_shop_star
Snake:3:  skrybe_snakes_to_sticks, layout_cave_town, fake_guardian_serpent_vault
Orc:1:    layout_diamond_mine, serial_shops, shop, nicolae_orc_pool_cavern,
          guppyfry_orc_lava_fort
Orc:2:    pf_orc_diabolical, layout_caves, gammafunk_ghost_berserking_beasts,
          nicolae_orc_rockfall

Skill      XL: |  1  2  3  4  5  6  7  8  9 10 11 12 13 14 15 16 |
---------------+-------------------------------------------------+-----
Earth Magic    | 3 4 5 7 8 10 11 13 14 15 17 20 22 | 22.9
Spellcasting   | 2 3 4 5 6 7 8 9 10 11 | 11.7
Fighting       | 1 2 3 4 |  4.7
Dodging        | 3 5 6 8 9 10 11 | 11.1
Necromancy     | 2 3 |  3.5
Stealth        | |  1.7
Transmutations | |  0.8

Action                   |  1- 3 |  4- 6 |  7- 9 | 10-12 | 13-15 | 16-18 || total
-------------------------+-------+-------+-------+-------+-------+-------++-------
Melee: Unarmed           |    16 |       |       |       |       |       ||    16
       Hand axe          |       |   106 |    32 |       |       |       ||   138
       Whip              |       |       |   245 |   132 |   323 |       ||   700
       Staff             |       |       |       |       |    29 |       ||    29
Throw: Stone             |       |       |     1 |     1 |     2 |     2 ||     6
 Cast: Sandblast         |    54 |    30 |   104 |   173 |   311 |   155 ||   827
       Stone Arrow       |     8 |    20 |    47 |    61 |    97 |   184 ||   417
       Lee's Rapid Decon |       |       |    19 |    72 |   284 |   105 ||   480
       Petrify           |       |       |       |     3 |    13 |    14 ||    30
       Shatter           |       |       |       |       |    16 |    49 ||    65
       Sublimation of Bl |       |       |       |       |     2 |    46 ||    48
       Blink             |       |       |       |       |       |    14 ||    14
 Abil: Stop Flying       |       |       |       |     1 |       |       ||     1
Evoke: Wand              |       |       |    10 |    38 |    31 |    20 ||    99
       Lightning rod     |       |       |       |       |     8 |     4 ||    12
       Box of beasts     |       |       |       |       |     1 |     4 ||     5
       Phial of floods   |       |       |       |       |       |     1 ||     1
  Use: Scroll            |     2 |     1 |     5 |    10 |    31 |    13 ||    62
       Potion            |       |     8 |       |       |    12 |    12 ||    32
 Stab: Distracted        |     1 |       |       |       |     1 |       ||     2
       Sleeping          |       |     4 |    10 |     1 |     8 |       ||    23
       Petrified         |       |       |       |     6 |       |       ||     6
  Eat: Chunk             |     3 |     5 |    25 |    24 |    47 |    16 ||   120
       Ration            |       |     2 |       |     3 |    12 |    16 ||    33
Armor: Robe              |     8 |    20 |    89 |    62 |   167 |    56 ||   402
Dodge: Dodged            |    38 |   135 |   255 |   241 |   721 |   275 ||  1665

Table legend:
 A = Non-vault XP
 B = Vault XP
 C = Vault XP percentage of total XP
 D = Non-vault monster count
 E = Vault monster count
 F = Vault count percentage of total count
                 A         B        C        D         E       F
            +---------+---------+-------+---------+---------+-------
      Total |  212946 |   88964 |  29.5 |     830 |     369 |  30.8
            +---------+---------+-------+---------+---------+-------
        D:1 |      48 |       0 |   0.0 |      25 |       0 |   0.0
        D:2 |      57 |       0 |   0.0 |      14 |       0 |   0.0
        D:3 |     242 |     575 |  70.4 |      25 |      47 |  65.3
        D:4 |     379 |      10 |   2.6 |      15 |       6 |  28.6
        D:5 |     438 |     439 |  50.1 |      16 |      15 |  48.4
        D:6 |     873 |       0 |   0.0 |      23 |       0 |   0.0
        D:7 |    1798 |       6 |   0.3 |      40 |       2 |   4.8
        D:8 |    1009 |       0 |   0.0 |      23 |       0 |   0.0
        D:9 |    1773 |    5288 |  74.9 |      22 |      39 |  63.9
       D:10 |    3461 |     889 |  20.4 |      28 |       2 |   6.7
       D:11 |    3274 |    1043 |  24.2 |      40 |       1 |   2.4
       D:12 |    3584 |    4464 |  55.5 |      30 |      23 |  43.4
       D:13 |    4959 |    2988 |  37.6 |      16 |       3 |  15.8
       D:14 |    6868 |    8355 |  54.9 |      28 |      20 |  41.7
       D:15 |   19731 |    7645 |  27.9 |      37 |      24 |  39.3
     Lair:1 |    3173 |       0 |   0.0 |      15 |       0 |   0.0
     Lair:2 |    3351 |    4697 |  58.4 |      17 |      12 |  41.4
     Lair:3 |    1252 |    4607 |  78.6 |       8 |      16 |  66.7
     Lair:4 |    4880 |    3219 |  39.7 |      17 |       9 |  34.6
     Lair:5 |    6138 |    5090 |  45.3 |      26 |      28 |  51.9
     Lair:6 |   21728 |    4523 |  17.2 |      54 |      12 |  18.2
    Swamp:1 |   14364 |       0 |   0.0 |      32 |       0 |   0.0
    Swamp:2 |   13727 |       0 |   0.0 |      27 |       0 |   0.0
    Swamp:3 |   11005 |    1646 |  13.0 |      22 |       1 |   4.3
    Swamp:4 |    5062 |    7440 |  59.5 |      17 |      14 |  45.2
    Snake:1 |   14716 |    3719 |  20.2 |      27 |       3 |  10.0
    Snake:2 |   31524 |    1286 |   3.9 |      57 |       2 |   3.4
    Snake:3 |   23942 |     478 |   2.0 |      48 |       1 |   2.0
      Orc:1 |    2496 |    5323 |  68.1 |      25 |      17 |  40.5
      Orc:2 |    7094 |   15185 |  68.2 |      56 |      60 |  51.7
      Sewer |       0 |      49 | 100.0 |       0 |      12 | 100.0
            +---------+---------+-------+---------+---------+-------
